 Dungeon Crawl Stone Soup version 0.17-b1-15-g0f5fb43 (webtiles) character file.

151 Eucla the Chopper (level 5, -3/47 HPs)
             Began as a Minotaur Fighter on Nov 7, 2015.
             Killed by nerve-wracking pain
             ... invoked by an orc priest
              (10 damage)
             ... on level 3 of the Dungeon.
             The game lasted 00:02:00 (1039 turns).

Eucla the Chopper (Minotaur Fighter)                Turns: 1039, Time: 00:02:00

Health: -3/47      AC: 12    Str: 21    XL:     5   Next: 10%
Magic:  4/4        EV:  7    Int:  5    God:
Gold:   137        SH:  0    Dex: 10    Spells: 0 memorised, 4 levels left

rFire  . . .     SeeInvis .     a - +0 war axe
rCold  . . .     Clarity  .     f - +0 chain mail
rNeg   . . .     SustAt   .     (no shield)
rPois  .         Gourm    .     (helmet restricted)
rElec  .         Spirit   .     g - +0 cloak
rCorr  .         Warding  .     l - +0 pair of gloves
rMut   .         Stasis   .     (no boots)
MR     .....                    (no amulet)
Stlth  ..........               (no ring)
                                (no ring)

@: not resistant to hostile enchantments, extremely unstealthy
A: retaliatory headbutt, horns 2
a: no special abilities


You were on level 3 of the Dungeon.
You were hungry.

You visited 1 branch of the dungeon, and saw 3 of its levels.

You collected 137 gold pieces.

Inventory:

Hand Weapons
 a - a +0 war axe (weapon)
Armour
 b - a +0 scale mail
 f - a +0 chain mail (worn)
 g - a +0 cloak (worn)
 l - a +0 pair of gloves (worn)
Scrolls
 c - 3 scrolls of identify {unknown}
 i - 2 scrolls of blinking {unknown}
 j - a scroll of magic mapping {unknown}
 m - a scroll of remove curse {unknown}
Potions
 d - a potion of might
 k - a potion of lignification {unknown}
 n - a potion of curing {unknown}
Comestibles
 e - a bread ration
 h - 2 meat rations


   Skills:
 + Level 4.7 Fighting
 * Level 4.8 Axes
 + Level 4.6 Armour
   Level 3.6 Shields


You had 4 spell levels left.
You didn't know any spells.

Dungeon Overview and Level Annotations

Branches:
Dungeon (3/15)

Altars:
Cheibriados
Qazlal


Innate Abilities, Weirdness & Mutations

You reflexively headbutt those who attack you in melee.
You have a pair of horns on your head.


Message History

You barely miss the orc priest.
The orc priest mumbles some strange prayers to Beogh against you.
Something smites you!
You closely miss the orc priest.
The orc priest hits you but does no damage.
You slash the orc priest!
The orc priest is severely wounded.
The orc priest hits you with a war axe.
The orc priest invokes the aid of Beogh against you.
Something smites you!
* * * LOW HITPOINT WARNING * * *
You hit the orc priest but do no damage.
The orc priest is severely wounded.
The orc priest barely misses you. You furiously retaliate!
You headbutt the orc priest, but do no damage.
Your chain mail prevents you from hitting the orc priest.
The orc priest is severely wounded.
The orc priest calls down the wrath of Beogh upon you.
Pain shoots through your body!
You die...

####################
#...........@.......
##..#########o#######
##...# #.#
###.#..########.#.
................ #.
##..#..######... ##
#.#.#.# _! #.###>#
... #.# #.#


You could see an orc priest.

Vanquished Creatures
  An orc wizard (D:3)
  Jessica (D:2)
  Natasha (twice) (D:2)
  2 adders (D:2)
  2 oozes (D:1)
  A worm (D:2)
  A giant gecko (D:1)
  3 orcs (D:3)
  A bat (D:1)
  A giant cockroach (D:1)
  5 goblins
  A hobgoblin (D:1)
  4 kobolds
  A ball python (D:2)
  A giant newt (D:2)
  7 rats (D:1)
34 creatures vanquished.

Notes
Turn   | Place    | Note
--------------------------------------------------------------
     0 | D:1      | Eucla the Minotaur Fighter began the quest for the Orb.
     0 | D:1      | Reached XP level 1. HP: 19/19 MP: 0/0
    39 | D:1      | Reached XP level 2. HP: 25/27 MP: 1/1
   258 | D:1      | Reached skill level 4 in Fighting
   510 | D:2      | Reached XP level 3. HP: 30/33 MP: 2/2
   623 | D:2      | Found a stormy altar of Qazlal.
   718 | D:2      | Noticed Natasha
   726 | D:2      | Killed Natasha
   726 | D:2      | Reached XP level 4. HP: 31/40 MP: 3/3
   732 | D:2      | Noticed Jessica
   735 | D:2      | Killed Jessica
   780 | D:2      | Noticed Natasha
   784 | D:2      | Killed Natasha
  1030 | D:3      | Reached XP level 5. HP: 43/47 MP: 4/4
  1034 | D:3      | Found a snail-covered altar of Cheibriados.
  1039 | D:3      | Killed from afar by an orc priest

Action                   |  1- 3 |  4- 6 || total
-------------------------+-------+-------++-------
Melee: War axe           |    57 |    24 ||    81
